 Dungeon Crawl Stone Soup version 0.32-a0-996-gb3226c233f (webtiles) character file.

Game seed: 5997143108235697283

54014 tish the Fighter (level 14, -7/95 (108) HPs)
             Began as an Octopode Earth Elementalist on Apr 23, 2024.
             Was an Initiate of Gozag.
             Mangled by an orc warlord
             ... wielding a +2 dire flail of draining
              (30 damage)
             ... on level 2 of the Orcish Mines.
             The game lasted 01:02:34 (25983 turns).

tish the Fighter (Octopode Earth Elementalist)     Turns: 25983, Time: 01:02:34

HP:   -7/95 (108)   AC:  7    Str: 10    XL:     14   Next: 71%
MP:   6/29          EV: 17    Int: 38    God:    Gozag
Gold: 2457          SH:  6    Dex: 16    Spells: 5/25 levels left

rFire   . . .        P - +6 Majin-Bo {spellvamp, MP+6 Int+6}
rCold   . . .        E - +0 buckler
rNeg    . . .        q - +2 hat
rPois   +            e - amulet of magic regeneration
rElec   .            w - +6 ring of intelligence
rCorr   .            x - ring of poison resistance
SInv    +            O - ring of Yxuodak {Will+ AC+4 Dex+4 Slay+3 Stlth-}
Will    ++...        Q - +6 ring of intelligence
Stlth   +++          i - ring of see invisible
HPRegen 0.35/turn    (no ring)
MPRegen 0.61/turn    (no ring)
                     (no ring)

%: no passive effects
@: heavily drained
A: almost no armour, amphibious, 8 rings, camouflage 1, gelatinous body 1,
(nimble swimmer 1), tentacles
a: Renounce Religion, Potion Petition, Call Merchant, Bribe Branch


You were on level 2 of the Orcish Mines.
You worshipped Gozag.
Gozag was most pleased with you.
You visited 4 branches of the dungeon, and saw 18 of its levels.

You collected 5222 gold pieces.
You spent 1086 gold pieces at shops.
You paid 1679 gold pieces to Gozag.

Inventory:

Hand Weapons
 J - the +4 hand axe of Vodka {elec, rElec rC+++ rN+ Stlth-}
   (You found it on level 3 of the Lair of Beasts)

   rC+++:     It renders you almost immune to cold.
   rElec:     It insulates you from electricity.
   rN+:       It protects you from negative energy.
   Stlth-:    It makes you less stealthy.
 P - the +6 Majin-Bo (weapon) {spellvamp, MP+6 Int+6}
   (You bought it in a shop on level 7 of the Dungeon)

   Int+6:     It affects your intelligence (+6).
   MP+6:      It affects your magic capacity (+6).
Missiles
 k - 47 poisoned darts
 F - 2 throwing nets
Armour
 q - a +2 hat (worn)
 E - a +0 buckler (worn)
Jewellery
 e - an amulet of magic regeneration (around mantle)
 i - a ring of see invisible (on tentacle)
 w - a +6 ring of intelligence (left tentacle)
 x - a ring of poison resistance (right tentacle)
 O - the ring of Yxuodak (on tentacle) {Will+ AC+4 Dex+4 Slay+3 Stlth-}
   (You took it off an orc on level 10 of the Dungeon)

   [ring of protection]

   AC+4:      It affects your AC (+4).
   Dex+4:     It affects your dexterity (+4).
   Slay+3:    It affects your accuracy & damage with ranged weapons and melee
   (+3).
   Will+:     It increases your willpower.
   Stlth-:    It makes you less stealthy.
 Q - a +6 ring of intelligence (on tentacle)
Talismans
 B - the death talisman of Nace {Int+3 Dex+5 SInv}
   (You found it on level 5 of the Lair of Beasts)

   [talisman of death]

   Int+3:     It affects your intelligence (+3).
   Dex+5:     It affects your dexterity (+5).
   SInv:      It lets you see invisible.
Wands
 d - a wand of iceblast (5)
 u - a wand of digging (13)
 v - a wand of polymorph (21)
 A - a wand of mindburst (25)
 G - a wand of flame (30)
 H - a wand of quicksilver (15)
 R - a wand of paralysis (10)
Scrolls
 b - a scroll of revelation
 c - a scroll of enchant armour
 f - 2 scrolls of blinking
 g - a scroll of poison
 m - a scroll of silence
 o - 2 scrolls of immolation
 p - a scroll of identify
 r - 12 scrolls of teleportation
 t - a scroll of fog
 y - a scroll of enchant weapon {unknown}
 C - a scroll of acquirement {unknown}
 L - 2 scrolls of amnesia {unknown}
 S - a scroll of torment {unknown}
Potions
 a - 4 potions of magic
 h - 7 potions of attraction
 j - 2 potions of mutation
 l - 3 potions of heal wounds
 n - 7 potions of curing
 s - 2 potions of haste
 z - 2 potions of enlightenment {unknown}
 D - 2 potions of brilliance {unknown}
 I - a potion of lignification {unknown}
 M - a potion of resistance {unknown}
Miscellaneous
 K - a lightning rod (4/4)


   Skills:
 + Level 14.2 Fighting
 - Level 10.0 Dodging
 - Level 6.0 Stealth
 - Level 10.0 Shields
 - Level 6.0 Spellcasting
 - Level 10.0 Conjurations
 - Level 3.0 Translocations
 + Level 6.6 Ice Magic
 - Level 4.0 Air Magic
 + Level 7.5 Earth Magic


You had 5 spell levels left.
You knew the following spells:

 Your Spells              Type           Power      Damage    Failure   Level
a - Sandblast             Erth           100%       2d20      1%          1
b - Stone Arrow           Conj/Erth      100%       3d13      1%          3
c - Blink                 Tloc           68%        N/A       1%          2
d - Freezing Cloud        Conj/Ice/Air   29%        6-21      6%          5
e - Frozen Ramparts       Ice            100%       1d16      1%          3
f - Permafrost Eruption   Ice/Erth       30%        2x4d7     32%         6

Your spell library contained the following spells:

 Spells                   Type           Power      Damage    Failure   Level
 Apportation              Tloc           68%        N/A       1%          1
 Freeze                   Ice            100%       1d10      1%          1
 Magic Dart               Conj           100%       1d8       1%          1
 Sting                    Conj/Alch      100%       1d9       1%          1
 Ensorcelled Hibernation  Hex/Ice        72%        N/A       1%          2
 Static Discharge         Conj/Air       100%       3-8/arc   1%          2
 Hailstorm                Conj/Ice       65%        3d12      1%          3
 Passwall                 Erth           62%        N/A       1%          3
 Brom's Barrelling Bould  Conj/Erth      67%        2d8       1%          4
 Iskenderun's Mystic Bla  Conj/Tloc      57%        2d12      (+2d62%     4
 Necrotise                Necr           44%        1d6       3%          1
 Slow                     Hex            44%        N/A       3%          1
 Summon Small Mammal      Summ           44%        N/A       3%          1
 Cigotuvi's Dreadful Rot  Necr/Alch/Air  42%        N/A       3%          2
 Summon Ice Beast         Ice/Summ       36%        N/A       3%          3
 Call Imp                 Summ           22%        N/A       6%          2
 Jinxbite                 Hex            22%        N/A       6%          2
 Airstrike                Air            20%        2d(3-19)  8%          4
 Petrify                  Alch/Erth      40%        N/A       9%          4
 Confusing Touch          Hex            11%        N/A       12%         3
 Fugue of the Fallen      Necr           11%        N/A       12%         3
 Tukima's Dance           Hex            11%        N/A       12%         3
 Vampiric Draining        Necr           11%        2d6       12%         3
 Summon Lightning Spire   Summ/Air       26%        N/A       17%         4
 Dimensional Bullseye     Hex/Tloc       11%        N/A       21%         4
 Anguish                  Hex/Necr       5%         N/A       36%         4
 Ignite Poison            Fire/Alch      11%        N/A       36%         4
 Alistair's Intoxication  Alch           7%         N/A       71%         5
 Sculpt Simulacrum        Ice/Alch       18%        N/A       83%         6


Dungeon Overview and Level Annotations

Branches:
Dungeon (10/15)            Temple (1/1) D:7            Lair (5/5) D:10
  Swamp (0/4) Lair:3       Spider (0/4) Lair:2        Slime (0/5) Lair:5
    Orc (2/2) D:10            Elf (0/3) Orc:2

Altars:
Ashenzari
Cheibriados
Dithmenos
Elyvilon
Fedhas
Gozag
Hepliaklqana
Kikubaaqudgha
Makhleb
Nemelex Xobeh
Okawaru
Qazlal
Ru
Sif Muna
Trog
Uskayaw
Vehumet
Wu Jian
Xom
Yredelemnul
Zin
The Shining One
Beogh

Shops:
D:7 [*?   Orc:2 (=

Portals:
Abyss: D:4

Annotations:
D:3 Natasha
D:4 2 transporters, mrks's ghost, amateur CoGl
D:7 2 transporters, leebro123's ghost, novice CoGl
D:8 3 runed translucent doors, crabbyslav's ghost, novice MfSh
D:9 exclusion: vampire, Jeremiah
D:10 2 runed translucent doors, MoltyBleed's ghost, journeyman DrFE
Lair:3 1 runed translucent door
Orc:2 Saint Roka


Innate Abilities, Weirdness & Mutations

You cannot wear most types of armour.
You are amphibious.
You can wear up to eight rings at the same time.
Your skin changes colour to match your surroundings (Stealth+).
Your rubbery body absorbs attacks. (AC +1, EV +1)
((You are camouflaged when in or above water. (Stealth+)))
You have tentacles for arms and can constrict up to eight enemies at once.


Message History

You don't have enough magic to cast this spell.
The orc warlord is engulfed in freezing vapours.
You block the orc warlord's attack.
You hit the orc warlord but do no damage.
You grab the orc warlord.
You squeeze the orc warlord, but do no damage.
The orc warlord is moderately wounded.
You constrict the orc warlord.
The orc warlord is engulfed in freezing vapours.
The orc warlord hits you with a +2 dire flail of draining!
You feel drained.
You completely miss the orc warlord.
The orc warlord is moderately wounded.
You constrict the orc warlord.
The orc warlord is engulfed in freezing vapours.
The orc warlord hits you with a +2 dire flail of draining.
You feel drained.
You hit the orc warlord.
You feel better.
You squeeze the orc warlord.
The orc warlord is heavily wounded.
You constrict the orc warlord, but do no damage.
The orc warlord is engulfed in freezing vapours.
The orc warlord hits you with a +2 dire flail of draining!!
* * * LOW HITPOINT WARNING * * *
You feel drained.
The orc warlord is engulfed in freezing vapours.
You block the orc warlord's attack.
You sock the orc warlord!
The orc warlord is severely wounded.
You constrict the orc warlord.
The orc warlord is engulfed in freezing vapours.
The orc warlord hits you with a +2 dire flail of draining.
* * * LOW HITPOINT WARNING * * *
You feel drained.
You hit the orc warlord but do no damage.
The orc warlord is severely wounded.
You constrict the orc warlord.
The orc warlord is engulfed in freezing vapours.
The orc warlord hits you with a +2 dire flail of draining!!
You die...
Your body crumbles into a pile of gold.

##..###.###)#####.# ....
#.###.............# ...# . ###
#.##)##....#### ... ...
#####.#...#....#.[##..##.....#
......#...#...)'..#...#......##.
.####.#####.####).#.........##..
.#..#..........####........##...
)'..#.....####)####§ß...ß...ß...
)#.[#..⌠..#..#.)@o§§§§.......o..
.####.....#.)'.####§ß§..ß(..ßo.
....).)[..#.)#)####.$.$$...##
###)#####.####.#.?#.........#
....#.(.#.[..).'..#...#......#
....#...#.#[[..#..##..##.....#
....##)##.#....#####...#.....#
......)...#.......##...##.....#
.##'###.###[#####.##.... .....#


You could see an orc warlord.

Vanquished Creatures
  A dire elephant (Lair:5)
  4 hydras
  Fannar (Lair:2)
  2 catoblepae (Lair:5)
  A boulder beetle (Lair:5)
  5 two-headed ogres
  A death yak (Lair:3)
  2 skysharks (Lair:4)
  2 lindwurms (Lair:5)
  5 obsidian bats
  7 orc knights (Orc:2)
  5 orc sorcerers (Orc:2)
  2 manticores (Lair:5)
  7 black mambas
  2 kobold blastminers (Orc:2)
  12 cane toads
  8 komodo dragons
  3 torpor snails
  3 kobold demonologists (D:10)
  3 rime drakes
  2 trolls
  3 polar bears (Lair:2)
  Grinder (D:3)
  2 hornets (Lair:5)
  9 blink frogs
  3 dream sheep (Lair:1)
  Sigmund (D:3)
  A culicivora (Lair:2)
  A shadow (D:10)
  40 yaks
  4 wyverns
  3 steam dragons
  4 vampire mosquitoes (Lair:3)
  6 wargs
  4 basilisks
  Edmund (D:6)
  8 water moccasins
  Duvessa (D:4)
  A sky beast (D:4)
  40 orc warriors
  5 black bears
  22 wolves
  11 ogres
  3 phantoms
  A gnoll sergeant (D:9)
  4 kobold brigands (D:10)
  9 bullfrogs
  2 scorpions
  Dowan (D:4)
  7 killer bees
  5 howler monkeys
  4 hounds
  8 jellies
  19 orc priests
  Natasha (twice) (D:3)
  Terence (D:3)
  2 iguanas
  4 hell rats (Lair:3)
  16 orc wizards
  Robin (D:2)
  7 adders
  18 gnolls
  A white imp (D:6)
  6 ufetubi (D:6)
  2 dart slugs
  3 ribbon worms (D:2)
  87 orcs
  4 bats
  7 endoplasms
  5 giant cockroaches
  20 goblins
  7 hobgoblins
  2 jackals (D:1)
  3 quokkas
  3 ball pythons
  2 frilled lizards
  13 kobolds
  5 rats
533 creatures vanquished.

Notes
Turn   | Place    | Note
-------+----------+-------------------------------------------
     0 | D:1      | tish the Octopode Earth Elementalist began the quest for
                  | the Orb.
     0 | D:1      | Reached XP level 1. HP: 11/11 MP: 3/3
   318 | D:1      | Reached XP level 2. HP: 12/18 MP: 3/5
   525 | D:1      | Reached skill level 1 in Fighting
   708 | D:1      | Reached XP level 3. HP: 21/23 MP: 4/6
  1228 | D:2      | Noticed Robin
  1243 | D:2      | Killed Robin
  1244 | D:2      | Reached XP level 4. HP: 22/29 MP: 4/7
  1248 | D:1      | Reached skill level 2 in Fighting
  1708 | D:3      | Noticed Grinder
  1708 | D:3      | Noticed Sigmund
  1709 | D:3      | Paralysed by Grinder for 5 turns
  1998 | D:3      | Noticed Natasha
  2027 | D:4      | Noticed Duvessa
  2027 | D:4      | Noticed Dowan
  2130 | D:3      | Found a burning altar of Makhleb.
  2131 | D:3      | Found a hide-covered altar of Uskayaw.
  2199 | D:4      | Noticed a sky beast
  2358 | D:4      | Noticed a phantom
  2427 | D:4      | Killed a phantom
  2428 | D:4      | Reached skill level 3 in Fighting
  2428 | D:4      | Reached XP level 5. HP: 23/36 MP: 5/8
  2499 | D:4      | Noticed a small abomination
  2536 | D:4      | Noticed a kobold brigand
  2548 | D:4      | Found a transporter.
  2548 | D:4      | Found a one-way gate to the infinite horrors of the Abyss.
  2548 | D:4      | Noticed mrks's ghost (amateur CoGl)
  2553 | D:4      | Found a transporter.
  2559 | D:4      | Noticed a small abomination
  2652 | D:4      | Reached XP level 6. HP: 42/42 MP: 7/9
  2690 | D:4      | Learned a level 3 spell: Stone Arrow
  2948 | D:3      | Killed Natasha
  2958 | D:3      | Killed Grinder
  2959 | D:3      | Reached skill level 4 in Fighting
  2959 | D:3      | Reached XP level 7. HP: 25/48 MP: 3/10
  3089 | D:3      | Noticed Terence
  3097 | D:3      | Killed Terence
  3305 | D:3      | Killed Sigmund
  3334 | D:3      | Noticed Natasha
  3337 | D:3      | Killed Natasha
  3689 | D:4      | Reached skill level 5 in Fighting
  3689 | D:4      | Reached skill level 5 in Conjurations
  3689 | D:4      | Reached skill level 5 in Earth Magic
  3689 | D:4      | Reached XP level 8. HP: 40/55 MP: 7/11
  3835 | D:3      | Noticed Natasha
  3917 | D:4      | Killed Duvessa
  4040 | D:4      | Killed Dowan
  4172 | D:5      | Entered Level 5 of the Dungeon
  4234 | D:5      | Reached skill level 6 in Fighting
  4367 | D:5      | Found a basalt altar of Yredelemnul.
  5255 | D:6      | Reached XP level 9. HP: 63/63 MP: 9/13
  5784 | D:6      | Noticed Edmund
  5798 | D:6      | Killed Edmund
  5931 | D:6      | Reached skill level 5 in Dodging
  6040 | D:7      | Found a transporter.
  6044 | D:7      | Found a transporter.
  6044 | D:7      | Noticed leebro123's ghost (novice CoGl)
  6045 | D:7      | Noticed a hornet
  6062 | D:7      | Found Vyikk's General Store.
  6064 | D:7      | Found Tasat's Magic Scroll Shop.
  6066 | D:7      | Found Moisk's Armour Shoppe.
  6070 | D:7      | Bought a scroll of identify for 26 gold pieces
  6080 | D:7      | Bought a scroll of noise for 13 gold pieces
  6174 | D:7      | Found a staircase to the Ecumenical Temple.
  6188 | Temple   | Entered the Ecumenical Temple
  6201 | Temple   | Became a worshipper of Gozag Ym Sagoz the Greedy
  6356 | D:7      | Found a shimmering altar of Xom.
  6674 | D:7      | Reached skill level 7 in Fighting
  6680 | D:7      | HP: 2/64 [yak (7)]
  6997 | D:8      | Learned a level 2 spell: Blink
  7053 | D:8      | Reached skill level 1 in Translocations
  7241 | D:8      | Found a runed translucent gate.
  7241 | D:8      | Found a runed translucent gate.
  7242 | D:8      | Found a runed translucent gate.
  7244 | D:8      | Noticed crabbyslav's ghost (novice MfSh)
  7244 | D:8      | Noticed a death knight
  7246 | D:8      | Noticed a troll
  7279 | D:8      | Noticed a two-headed ogre
  7844 | D:8      | Killed a two-headed ogre
  7845 | D:8      | Reached skill level 8 in Fighting
  7845 | D:8      | Reached XP level 10. HP: 73/73 MP: 6/16
  7920 | D:8      | Reached skill level 9 in Fighting
  8915 | D:9      | Reached skill level 10 in Fighting
  9266 | D:9      | Learned a level 5 spell: Freezing Cloud
  9417 | D:9      | Reached skill level 1 in Shields
  9916 | D:9      | Noticed Jeremiah
 10593 | D:10     | Entered Level 10 of the Dungeon
 10624 | D:10     | Found a broken altar of Ashenzari.
 10748 | D:10     | Noticed MoltyBleed's ghost (journeyman DrFE)
 10748 | D:10     | Noticed a lich
 10748 | D:10     | Noticed an occultist
 10749 | D:10     | Noticed a flayed ghost
 10750 | D:10     | Noticed a fire crab
 10751 | D:10     | Noticed a necromancer
 10751 | D:10     | Noticed a skeletal warrior
 10846 | D:10     | Noticed a kobold demonologist
 10855 | D:10     | Noticed a kobold demonologist
 10855 | D:10     | Noticed a kobold demonologist
 10857 | D:10     | Killed a kobold demonologist
 10970 | D:10     | Noticed a sun demon
 10971 | D:10     | Killed a kobold demonologist
 11009 | D:10     | Found a shimmering blue altar of Sif Muna.
 11020 | D:10     | Killed a kobold demonologist
 11117 | D:10     | Reached XP level 11. HP: 82/82 MP: 8/17
 11159 | D:10     | Found a runed translucent door.
 11160 | D:10     | Found a runed translucent door.
 11432 | D:10     | Found a staircase to the Lair.
 11491 | D:10     | Reached skill level 5 in Stealth
 11788 | D:10     | Identified the ring of Yxuodak {Will+ AC+4 Dex+4 Slay+3
                  | Stlth-}
 11869 | D:10     | Found a staircase to the Orcish Mines.
 12152 | D:7      | Bought the +6 Majin-Bo {spellvamp, MP+6 Int+6} for 867 gold
                  | pieces
 12152 | D:7      | Found the +6 Majin-Bo {spellvamp, MP+6 Int+6}
 12458 | D:10     | Noticed a skeletal warrior
 12551 | Lair:1   | Entered Level 1 of the Lair of Beasts
 13101 | Lair:1   | Learned a level 3 spell: Frozen Ramparts
 13212 | Lair:1   | Reached skill level 5 in Shields
 13219 | Lair:1   | Reached skill level 1 in Ice Magic
 13784 | Lair:1   | Reached skill level 11 in Fighting
 14377 | Lair:2   | Reached XP level 12. HP: 81/90 MP: 9/18
 14561 | Lair:2   | Noticed Fannar
 14661 | Lair:2   | Killed Fannar
 15066 | Lair:2   | Found a hole to the Spider Nest.
 15978 | Lair:3   | Reached skill level 5 in Ice Magic
 15978 | Lair:3   | Reached skill level 1 in Air Magic
 16069 | Lair:3   | You fall into a shaft and drop 1 floor!
 16134 | Lair:4   | Noticed a seven-headed hydra
 16146 | Lair:4   | Killed a seven-headed hydra
 16274 | Lair:3   | Reached skill level 12 in Fighting
 16528 | Lair:3   | Noticed an eight-headed hydra
 16537 | Lair:3   | Killed an eight-headed hydra
 16602 | Lair:3   | Found a staircase to the Swamp.
 16709 | Lair:3   | Noticed a death yak
 16720 | Lair:3   | Killed a death yak
 16721 | Lair:3   | Reached XP level 13. HP: 97/97 MP: 12/19
 16789 | Lair:3   | Identified the +4 hand axe of Vodka {elec, rElec rC+++ rN+
                  | Stlth-}
 17177 | Lair:3   | Identified the +1 robe of the Devil's Team {rF+ rC- Will+
                  | Stlth+}
 17213 | Lair:3   | Found a runed translucent door.
 18465 | Lair:5   | Entered Level 5 of the Lair of Beasts
 18542 | Lair:5   | Reached skill level 5 in Spellcasting
 18591 | Lair:5   | Found a staircase to the Slime Pits.
 19976 | Orc:1    | Entered Level 1 of the Orcish Mines
 21031 | Orc:1    | Learned a level 6 spell: Permafrost Eruption
 21046 | Orc:2    | Entered Level 2 of the Orcish Mines
 21505 | Orc:2    | Reached XP level 14. HP: 104/104 MP: 14/23
 21986 | Orc:2    | Found Suophy's Jewellery Shoppe.
 21991 | Orc:2    | Bought a ring of see invisible for 180 gold pieces
 22001 | Orc:2    | Found Xealyr's Antique Weapon Emporium.
 22013 | Orc:2    | Reached skill level 13 in Fighting
 22332 | Orc:2    | Found a roughly hewn altar of Beogh.
 22793 | Orc:2    | Noticed Saint Roka
 23205 | Lair:5   | Noticed a dire elephant
 23220 | Lair:5   | Killed a dire elephant
 23226 | Lair:5   | Reached skill level 10 in Dodging
 23226 | Lair:5   | Reached skill level 10 in Shields
 23226 | Lair:5   | Reached skill level 10 in Conjurations
 23405 | Lair:5   | Identified the death talisman of Nace {Int+3 Dex+5 SInv}
 24494 | Orc:2    | Reached skill level 14 in Fighting
 25329 | Orc:2    | Found a staircase to the Elven Halls.
 25608 | Orc:2    | HP: 4/108 [Saint Roka/bolt (13)]
 25958 | Orc:2    | Noticed an orc warlord
 25983 | Orc:2    | Mangled by an orc warlord

Illustrated notes

Levels and vault maps discovered:
D:1:      wander_arrival_estate, layout_loops_ring, minmay_pentomino_o2
D:2:      layout_loops_cross, uniq_robin
D:3:      kennysheep_the_goblin_king, layout_loops_cross,
          nicolae_overflow_two_pavilions, st_stairs_8,
          kennysheep_decorative_pillar, uniq_natasha, uniq_terence,
          uniq_grinder, uniq_sigmund
D:4:      layout_loops_ring, gammafunk_ghost_abyssal_escape, minmay_bent,
          uniq_duvessa
D:5:      layout_cave_pods, yredelemnul_altar_generic, st_stairs_13
D:6:      layout_loops_ring, serial_rivers, chequers_serial_rivers_micro_d,
          chequers_serial_rivers_room_b, chequers_serial_rivers_marsh,
          chequers_serial_rivers_room_b, kennysheep_crisscross, uniq_edmund
D:7:      layout_basic, mainiacjoe_overflow_chevrons, minmay_temple_entry_glass,
          gammafunk_ghost_arena, nicolae_wooded_promenade,
          kennysheep_generic_room_13
D:8:      black_bear_nest_1, layout_loops_corners, gammafunk_ghost_split
D:9:      layout_layer_cave, st_stairs_14, minmay_misc_feat_chi, uniq_jeremiah
D:10:     layout_roguey, old_standard_altar, kennysheep_mini, lair_entry_dummy,
          david_orc_4, muffindrake_ghost_dual_entry
Temple:   nicolae_temple_bog_church
Lair:1:   layout_regular_city, serial_bayou_shore_a
Lair:2:   layout_small_grid, spider_nest_entry_funnel_web, beast_lair_carwin_11,
          uniq_fannar
Lair:3:   dreamdust_labyrinth, layout_layer_cave, minmay_swamp_entry_swarm
Lair:4:   layout_regular_city
Lair:5:   hangedman_lair_in_review, layout_small_grid, wormcave,
          nicolae_slime_entry_field_trip
Orc:1:    layout_caves
Orc:2:    pubby_orc_utopia, uniq_saint_roka

Skill      XL: |  1  2  3  4  5  6  7  8  9 10 11 12 13 14 |
---------------+-------------------------------------------+-----
Stealth        | 3 4 6 |  6.0
Fighting       | 1 3 4 5 6 8 10 11 12 14 | 14.2
Conjurations   | 2 3 4 5 6 7 8 9 10 | 10.0
Earth Magic    | 4 5 6 7 |  7.5
Dodging        | 3 4 6 7 8 9 10 | 10.0
Spellcasting   | 3 4 6 |  6.0
Translocations | 3 |  3.0
Shields        | 3 6 8 9 10 | 10.0
Ice Magic      | 2 5 6 |  6.6
Air Magic      | 4 |  4.0

Action                     |  1- 3 |  4- 6 |  7- 9 | 10-12 | 13-15 || total
---------------------------+-------+-------+-------+-------+-------++-------
  Melee: Unarmed           |     3 |       |       |       |       ||     3
         Constrict         |     1 |       |     7 |     8 |     7 ||    23
         Spear             |       |       |    28 |     5 |       ||    33
         Tentacles         |       |       |     6 |    13 |     6 ||    25
         Falchion          |       |       |       |    23 |       ||    23
         Bo                |       |       |       |    19 |    19 ||    38
         Scimitar          |       |       |       |     6 |       ||     6
  Throw: Dart              |       |     2 |     4 |     6 |     4 ||    16
   Cast: Sandblast         |    55 |    55 |    95 |    60 |       ||   265
         Stone Arrow       |       |     5 |    55 |   265 |   348 ||   673
         Blink             |       |       |     1 |     5 |     3 ||     9
         Frozen Ramparts   |       |       |       |    18 |    52 ||    70
         Freezing Cloud    |       |       |       |       |    15 ||    15
 Invoke: Potion Petition   |       |       |       |     1 |     2 ||     3
  Evoke: Wand              |       |     1 |     1 |       |     1 ||     3
         Lightning rod     |       |       |       |       |     2 ||     2
    Use: Scroll            |       |     3 |     4 |     6 |     3 ||    16
         Potion            |       |       |     1 |     3 |     2 ||     6
 Armour: Skin              |    14 |    10 |    53 |   112 |   141 ||   330
  Dodge: Dodged            |    11 |    13 |    48 |   126 |   142 ||   340
  Block: Buckler           |       |       |       |    39 |    69 ||   108

Table legend: (Time is in decaauts)
 A = Elapsed time spent in this place.
 B = Non-inter-level travel time spent in this place.
 C = Inter-level travel time spent in this place.
 D = Time resting spent in this place.
 E = Time spent auto-exploring this place.
 F = Levels seen in this place.
 G = Mean time per level.
                   A        B        C        D        E       F      G
               +--------+--------+--------+--------+--------+-----+--------+
         Total |  26129 |  24444 |   1685 |   5377 |  14910 |  18 | 1451.6 |
       Dungeon |  13412 |  12388 |   1024 |   2536 |   7735 |  10 | 1341.2 |
        Temple |     26 |      2 |     24 |      0 |      0 |   1 |   26.0 |
          Lair |   8015 |   7523 |    492 |   1138 |   5233 |   5 | 1603.0 |
  Orcish Mines |   4675 |   4530 |    145 |   1702 |   1941 |   2 | 2337.5 |
               +--------+--------+--------+--------+--------+-----+--------+

Top non-repeatable levels by time:
   Orc:2: 3945 daAuts
     D:9: 2257 daAuts
    D:10: 2169 daAuts
  Lair:2: 1992 daAuts
  Lair:5: 1898 daAuts
     D:8: 1816 daAuts
  Lair:1: 1527 daAuts
  Lair:3: 1433 daAuts
     D:4: 1280 daAuts
     D:3: 1216 daAuts
  Lair:4: 1164 daAuts
     D:7: 1091 daAuts
     D:1: 965 daAuts
     D:6: 948 daAuts
     D:5: 866 daAuts
